 Dungeon Crawl Stone Soup version 0.20-a0-739-g6bb112f (webtiles) character file.

21 Ijustatesigmund the Magician (level 2, 0/22 HPs)
             Began as a Gargoyle Wizard on Feb 24, 2017.
             Slain by a gnoll
             ... wielding a +0 club
              (5 damage)
             ... on level 1 of the Dungeon.
             The game lasted 00:02:09 (1236 turns).

Ijustatesigmund the Magician (Gargoyle Wizard)      Turns: 1236, Time: 00:02:09

Health: 0/22       AC: 21    Str: 10    XL:     2   Next: 83%
Magic:  0/6        EV:  2    Int: 18    God:
Gold:   0          SH:  0    Dex:  8    Spells: 4/7 levels left

rFire    + . .     SeeInvis .   f - -3 club (curse)
rCold    + . .     Gourm    .   (armour currently unavailable)
rNeg     + + +     Faith    .   (no shield)
rPois    ∞         Spirit   .   (helmet currently unavailable)
rElec    +         Reflect  .   (cloak currently unavailable)
rCorr    +         Harm     .   (gloves currently unavailable)
MR       .....     NoTele   +   (boots currently unavailable)
Stlth    ++........             (no amulet)
Regen    0.1/turn               (no ring)
MPRegen  0.1/turn               (no ring)

@: tree-form, resistant, very slightly contaminated
A: negative energy resistance 1, (electricity resistance), (unbreathing),
petrification resistance, rot immunity, AC +2
a: no special abilities


You were on level 1 of the Dungeon.
You were not hungry.
You were a tree.
You visited 1 branch of the dungeon, and saw 1 of its levels.

Inventory:

Hand Weapons
 f - a cursed -3 club (weapon)
Armour
 a - a +0 robe (melded)
 b - a +0 hat (melded)
Scrolls
 h - a scroll of amnesia {unknown}
Books
 c - a book of Minor Magic

   Spells                             Type                      Level
   a - Magic Dart                     Conjuration                  1
   b - Blink                          Translocation                2
   c - Call Imp                       Summoning                    2
   d - Slow                           Hexes                        2
   e - Conjure Flame                  Conjuration/Fire             3
   f - Mephitic Cloud                 Conjuration/Poison/Air       3
Comestibles
 d - a bread ration
 i - a meat ration


   Skills:
 - Level 1.5 Dodging
 - Level 2.1 Stealth
 - Level 3.0 Spellcasting
 + Level 2.9 Conjurations
   Level 0.8 Summonings
 - Level 0.8 Translocations


You had 4 spell levels left.
You knew the following spells:

 Your Spells              Type           Power        Failure   Level  Hunger
a - Magic Dart            Conj           ##..         6%          1    None
b - Blink                 Tloc           N/A          17%         2    ##.....


Dungeon Overview and Level Annotations

Branches:
Dungeon (1/15)

Altars:


Innate Abilities, Weirdness & Mutations

You are resistant to torment.
((Your stone body is resilient. (AC +2)))
You are immune to poison.
You resist negative energy. (rN+)
((You are resistant to electric shocks. (rElec)))
((You can survive without breathing.))
You are immune to petrification.
You are immune to rotting.


Message History

The gnoll hits you with a club.
* * * LOW HITPOINT WARNING * * *
You hit the gnoll.
The gnoll is moderately wounded.
The gnoll hits you but does no damage.
You completely miss the gnoll.
The gnoll is moderately wounded.
The gnoll hits you but does no damage.
You hit the gnoll.
The gnoll is heavily wounded.
The gnoll hits you but does no damage.
Casting: Magic Dart
Confirm with . or Enter, or press ? or * to list all spells.
Aiming: Magic Dart
Press: ? - help, Shift-Dir - straight line, f/p - gnoll
Aim: a gnoll, wielding a club (heavily wounded, unusually agile)
The magic dart hits the gnoll.
The gnoll is severely wounded.
The gnoll hits you with a club.
You die...

#.#.############.#
#..............#.#
##############.#.#
.....#..#....#.#.#
####.#..#.##.#.#.#
#.#.....#.#.#.#
####.#..####.#.#.#
.....#.........#.#
.....#.....#(###♣#
.....#.........#.g!.....
.....#.......#.#########
####.#...#.#.#.#
####.#.......#.#
#..........#.#.#
.............#.#
#.#....###.#.#.#
..+....# #.#.#..


You could see a gnoll.

Vanquished Creatures
  A dart slug (D:1)
  2 goblins (D:1)
  4 hobgoblins (D:1)
  6 bats (D:1)
  4 kobolds (D:1)
  A rat (D:1)
18 creatures vanquished.

Notes
Turn   | Place    | Note
-------+----------+-------------------------------------------
     0 | D:1      | Ijustatesigmund the Gargoyle Wizard began the quest for the Orb.
     0 | D:1      | Reached XP level 1. HP: 10/10 MP: 4/4
   249 | D:1      | Reached XP level 2. HP: 14/15 MP: 0/6
   305 | D:1      | Learned a level 2 spell: Blink
  1236 | D:1      | Slain by a gnoll

Vault maps used:
D:1:      denvon_arrival_planthouse, minmay_misc_feat_four_crosses

Skill      XL: |  1 |
---------------+----+-----
Conjurations   | 2 |  2.9
Dodging        | |  1.5
Stealth        | |  2.1
Spellcasting   | |  3.0
Summonings     | |  0.8
Translocations | |  0.8

Action                   || total
-------------------------++-------
Melee: Unarmed           ||     7
       Club              ||     7
 Cast: Magic Dart        ||    48
  Use: Potion            ||     2
  Eat: Chunk             ||     1
Armor: Robe              ||    10
       Skin              ||     3
Dodge: Dodged            ||    18
